 Dungeon Crawl Stone Soup version 0.30-a0-779-g7971cf19c3 (webtiles) character file.

Game seed: 5411972165195648430

32 NinjaNoafa the Caller (level 3, -3/24 HPs)
             Began as a Merfolk Summoner on Feb 17, 2023.
             Shot with a sling bullet by a goblin (5 damage)
             ... on level 2 of the Dungeon.
             The game lasted 00:03:34 (638 turns).

NinjaNoafa the Caller (Merfolk Summoner)             Turns: 638, Time: 00:03:35

Health: -3/24      AC:  3    Str:  8    XL:     3   Next: 27%
Magic:  3/7        EV: 12    Int: 16    God:
Gold:   35         SH:  0    Dex: 14    Spells: 4/7 levels left

rFire   . . .      SeeInvis .    g - +0 short sword
rCold   . . .      Faith    .    (no shield)
rNeg    . . .      Spirit   .    a - +0 robe
rPois   .          Reflect  .    (no helmet)
rElec   .          Harm     .    (no cloak)
rCorr   .          Rampage  .    d - +0 pair of gloves
Will    .....                    (no boots)
Stlth   ++                       e - amulet of regeneration
HPRegen 1.04/turn                c - +4 ring of slaying
MPRegen 0.10/turn                (no ring)

@: lethally poisoned (-3 -> -3)
A: (nimble swimmer 2), mertail
a: no special abilities


You were on level 2 of the Dungeon.
You visited 1 branch of the dungeon, and saw 2 of its levels.

You collected 35 gold pieces.

Inventory:

Hand Weapons
 g - a +0 short sword (weapon)
Armour
 a - a +0 robe (worn)
 d - a +0 pair of gloves (worn)
Jewellery
 c - a +4 ring of slaying (left hand)
 e - an amulet of regeneration (around neck)
Scrolls
 l - a scroll of magic mapping {unknown}
 n - a scroll of enchant armour {unknown}
Potions
 f - a potion of heal wounds {unknown}
 h - a potion of flight {unknown}
 i - a potion of curing {unknown}
 j - a potion of attraction {unknown}
 k - a potion of brilliance {unknown}
 m - a potion of berserk rage {unknown}


   Skills:
 - Level 2.6 Dodging
 - Level 2.1 Stealth
 + Level 2.7 Spellcasting
 + Level 4.5 Summonings


You had 4 spell levels left.
You knew the following spells:

 Your Spells              Type           Power      Damage    Failure   Level
a - Summon Small Mammal   Summ           64%        N/A       3%          1
b - Call Imp              Summ           16%        N/A       4%          2

Your spell library contained the following spells:

 Spells                   Type           Power      Damage    Failure   Level
 Call Canine Familiar     Summ           16%        N/A       9%          3
 Summon Guardian Golem    Hex/Summ       9%         N/A       22%         3
 Summon Lightning Spire   Summ/Air       9%         N/A       58%         4


Dungeon Overview and Level Annotations

Branches:
Dungeon (2/15)

Altars:


Innate Abilities, Weirdness & Mutations

((You are very nimble when in or above water. (Stealth+, EV+, Speed+++)))
Your lower body shifts to a powerful aquatic tail in water.


Message History

Your bat hits the kobold but does no damage.
Your crimson imp blinks!
Casting: Call Imp (safe; 4% risk of failure)
Confirm with . or Enter, or press ? or * to list all spells.
A beastly little devil appears in a puff of flame.
You feel sick.
Your bat closely misses the adder.
Your bat barely misses the adder.
Your bat misses the adder. The goblin hits you but does no damage.
The adder barely misses you.
Your bat closely misses the adder. x2
The kobold hits your bat with a +0 short sword.
You feel sick.
Your bat closely misses the adder.
Your bat closely misses the kobold.
Your bat closely misses the adder.
The adder bites your bat.
Your bat dies!
Your bat's corpse disappears in a puff of smoke!
The goblin closely misses you.
Your bat misses the adder.
The kobold hits your bat with a +0 short sword.
Your bat dies!
Your bat's corpse disappears in a puff of smoke!
Your crimson imp closely misses the goblin.
Casting: Call Imp (safe; 4% risk of failure)
Confirm with . or Enter, or press ? or * to list all spells.
You feel sick. The goblin hits you with a +0 dagger.
* * * LOW HITPOINT WARNING * * *
The adder bites you.
* * * LOW HITPOINT WARNING * * *
You are more poisoned.
The adder poisons you!
Your crimson imp closely misses the goblin.
The adder attacks as you move away! The adder barely misses you.
You feel sick.
Your bat closely misses the goblin.
The goblin unwields a +0 dagger.
The goblin wields a +0 sling.
The goblin shoots a sling bullet.
The sling bullet barely misses your crimson imp.
The sling bullet hits you.
* * * LOW HITPOINT WARNING * * *
The adder bites your crimson imp.
Your crimson imp blinks!
You feel sick.
Your bat hits the goblin. The adder barely misses your bat.
The goblin shoots a sling bullet.
The sling bullet hits you.
You die...

#... ....... ...
....... #.######
....... #......##
.......
###..#..####...$...
#.b.#.K..........
##..##.S.......#
#####..##gb......#.
#...<......@.......
##.....5...#......#
##.#.....##.....##
#.#............#
#.#......####....
#......#.# #..#
#.....##... #..
.....## #. .. .....


You could see an adder (ally target), a goblin (ally target), a kobold, a
friendly crimson imp (summoned) and a friendly bat (summoned).

Vanquished Creatures
  A bat (D:1)
1 creature vanquished.

Vanquished Creatures (collateral kills)
  An adder (D:2)
  A ball python (D:1)
  An endoplasm (D:1)
  A giant cockroach (D:1)
  A goblin (D:1)
  5 hobgoblins (D:1)
  2 kobolds (D:1)
  4 bats (D:1)
  3 frilled lizards (D:1)
  A rat (D:2)
20 creatures vanquished.

Grand Total: 21 creatures vanquished

Notes
Turn   | Place    | Note
-------+----------+-------------------------------------------
     0 | D:1      | NinjaNoafa the Merfolk Summoner began the quest for the
                  | Orb.
     0 | D:1      | Reached XP level 1. HP: 13/13 MP: 3/3
   168 | D:1      | Reached XP level 2. HP: 19/19 MP: 1/5
   171 | D:1      | Learned a level 2 spell: Call Imp
   621 | D:2      | Reached XP level 3. HP: 23/24 MP: 2/6
   638 | D:2      | Shot with a sling bullet by a goblin

Illustrated notes

Levels and vault maps discovered:
D:1:      minmay_arrival_up_and_down, layout_rooms
D:2:      layout_rooms

Action                     || total
---------------------------++-------
  Melee: Unarmed           ||     4
         Short sword       ||     2
   Cast: Summon Small Mamm ||    23
         Call Imp          ||     7
    Use: Potion            ||     1
   Stab: Sleeping          ||     1
 Armour: Robe              ||    24
  Dodge: Dodged            ||    53

Table legend: (Time is in decaauts)
 A = Elapsed time spent in this place.
 B = Non-inter-level travel time spent in this place.
 C = Inter-level travel time spent in this place.
 D = Time resting spent in this place.
 E = Time spent auto-exploring this place.
 F = Levels seen in this place.
 G = Mean time per level.
                   A        B        C        D        E       F      G
               +--------+--------+--------+--------+--------+-----+--------+
         Total |    636 |    542 |     94 |      0 |     15 |   2 |  318.0 |
       Dungeon |    636 |    542 |     94 |      0 |     15 |   2 |  318.0 |
               +--------+--------+--------+--------+--------+-----+--------+

Top non-repeatable levels by time:
     D:1: 612 daAuts
     D:2: 24 daAuts
